Map: Port Aleksander LE

Players

Lambo - Winner!

  • Race: Zerg Zerg
  • League: Grandmaster
  • Spawn Location: 5:00

lIIIllIllIll

  • Race: Terran Terran
  • League: Grandmaster
  • Spawn Location: 11:00

VOD

Have the link to the VOD?

Description

Time

  • Played on: Jan. 10, 2019, 3:26 p.m.
  • Length: 14:16
Show
View Real Time Build Order
Export as new Build Order

Lambo Zerg - Winner!

Build Orders: Hatch First 

Get SALT Encoding   

  12  0:01  Drone  
  13  0:12  Overlord  
  13  0:17  Drone  
  14  0:30  Drone x2  
  16  0:49  Hatchery  
  15  0:52  Drone  
  15  0:56  Drone  
  17  0:59  Drone  
  18  1:10  Extractor  
  17  1:15  Spawning Pool  
  17  1:18  Drone  
  17  1:21  Drone  
  18  1:29  Drone  
  19  1:45  Drone  
  21  2:01  Drone  
  21  2:02  Queen x2  
  21  2:03  Overlord, Zergling x2  
  26  2:13  Zergling x2  
  26  2:14  Drone, Metabolic Boost  
  28  2:25  Drone  
  28  2:26  Drone  
  28  2:29  Extractor  
  30  2:44  Hatchery  
  29  2:47  Drone  
  29  2:49  Pneumatized Carapace  
  30  2:53  Drone  
  30  2:54  Drone  
  30  2:58  Drone  
  33  3:01  Overlord  
  33  3:05  Drone  
  34  3:16  Drone  
  34  3:17  Drone  
  36  3:20  Overlord, Drone x2  
  36  3:23  Queen  
  36  3:26  Drone  
  41  3:30  Drone x2  
  43  3:37  Drone  
  43  3:38  Queen  
  43  3:39  Drone  
  47  3:44  Drone  
  48  3:48  Drone x2  
  48  3:49  Drone  
  48  3:51  Overlord  
  48  3:55  Queen  
  53  4:00  Queen  
  55  4:04  Baneling Nest  
  55  4:05  Zergling x2  
  55  4:08  Overlord  
  55  4:12  Zergling x4  
  55  4:14  Overlord  
  57  4:20  Drone x2  
  57  4:21  Drone x2  
  57  4:23  Drone  
  62  4:26  Overlord  
  62  4:30  Drone  
  63  4:33  Queen  
  63  4:34  Zergling x4  
  63  4:37  Drone  
  68  4:40  Lair  
  68  4:43  Drone x2  
  68  4:44  Drone  
  71  4:47  Extractor  
  71  4:48  Extractor, Zergling x2  
  71  4:52  Overlord  
  70  4:53  Drone  
  70  4:56  Drone  
  70  4:59  Spore Crawler  
  71  5:00  Spore Crawler  
  71  5:01  Spore Crawler, Drone x2  
  71  5:08  Drone x2  
  71  5:09  Drone  
  71  5:10  Drone x3  
  71  5:11  Drone  
  71  5:12  Baneling x3  
  79  5:14  Zergling x2  
  79  5:17  Drone x2  
  79  5:18  Drone  
  82  5:23  Queen  
  82  5:27  Drone  
  82  5:28  Evolution Chamber  
  84  5:30  Evolution Chamber, Baneling  
  84  5:31  Drone x2  
  84  5:32  Drone x2  
  87  5:42  Baneling  
  85  5:44  Zergling x8  
  85  5:46  Overlord  
  85  5:48  Overlord  
  83  5:52  Zergling x2  
  83  5:53  Zergling x8  
  80  6:02  Drone x5  
  73  6:04  Drone  
  73  6:07  Drone  
  73  6:09  Queen x2  
  76  6:13  Drone  
  76  6:14  Spore Crawler  
  76  6:17  Drone, Infestation Pit  
  76  6:18  Spore Crawler  
  76  6:21  Drone x2  
  76  6:22  Zerg Missile Weapons Level 1  
  76  6:24  Drone  
  78  6:26  Extractor  
  78  6:28  Drone  
  78  6:29  Queen  
  78  6:31  Drone  
  78  6:32  Baneling x2  
  81  6:34  Zerg Melee Weapons Level 1  
  81  6:36  Drone  
  81  6:38  Drone  
  81  6:39  Extractor  
  82  6:41  Extractor  
  82  6:44  Drone x4  
  82  6:46  Overlord  
  85  6:47  Drone  
  85  6:49  Queen  
  88  7:02  Infestor x2  
  88  7:04  Hatchery  
  88  7:06  Overlord  
  91  7:11  Hydralisk Den, Drone x2  
  91  7:12  Drone x2  
  91  7:14  Overseer  
  94  7:19  Queen  
  94  7:20  Queen  
  98  7:26  Zergling x10  
  100  7:46  Zergling x28  
  100  7:50  Grooved Spines  
  114  7:56  Baneling x2  
  114  7:57  Baneling x4  
  114  8:01  Overlord  
  114  8:02  Baneling x3  
  114  8:07  Overlord  
  114  8:09  Overlord  
  114  8:13  Baneling x2  
  114  8:14  Overlord  
  114  8:16  Zerg Ground Armor Level 1  
  114  8:18  Overlord  
  116  8:22  Hydralisk x7, Hive  
  127  8:28  Baneling x11  
  127  8:33  Overlord  
  112  8:36  Hydralisk  
  112  8:37  Zergling x8  
  112  8:40  Zergling x6  
  115  8:45  Zergling x2  
  115  8:46  Zergling x8  
  118  8:52  Zerg Melee Weapons Level 2  
  118  8:55  Drone x5  
  122  8:59  Drone x2  
  122  9:00  Drone  
  122  9:02  Drone x2  
  127  9:15  Muscular Augments  
  127  9:18  Hatchery  
  127  9:19  Extractor  
  127  9:20  Hydralisk x2, Zergling x4  
  131  9:25  Zergling x8  
  131  9:26  Zergling x2  
  131  9:29  Baneling x6  
  136  9:32  Baneling x5  
  136  9:37  Zergling x10  
  139  9:39  Centrifical Hooks  
  133  9:48  Viper x2  
  133  9:52  Viper  
  142  9:54  Zergling x18  
  151  10:00  Zergling x2  
  151  10:01  Zergling x4  
  154  10:12  Hydralisk, Zergling x2  
  154  10:13  Zergling x12  
  163  10:17  Viper  
  163  10:19  Overlord  
  163  10:20  Hydralisk  
  168  10:22  Overlord, Hatchery  
  168  10:28  Overlord  
  168  10:29  Overlord  
  166  10:35  Overlord  
  166  10:38  Overlord  
  166  10:39  Hydralisk x7  
  166  10:41  Baneling x6  
  180  10:43  Overlord  
  173  10:58  Zergling x22  
  173  11:03  Zergling x10  
  185  11:10  Zergling x10  
  188  11:12  Zerg Ground Armor Level 2  
  188  11:15  Ultralisk Cavern  
  188  11:17  Baneling x6  
  178  11:19  Zergling x4  
  167  11:30  Hydralisk x5  
  167  11:31  Zergling x4  
  149  11:36  Hydralisk, Zergling x2  
  147  11:45  Zergling x12  
  140  11:53  Drone x7  
  145  11:56  Viper  
  145  12:01  Baneling x6  
  148  12:04  Chitinous Plating  
  148  12:08  Ultralisk  
  154  12:13  Queen  
  154  12:14  Drone  
  154  12:15  Zergling x6  
  160  12:24  Spine Crawler  
  160  12:26  Ultralisk  
  160  12:29  Spore Crawler  
  164  12:35  Ultralisk  
  170  12:39  Overlord  
  170  12:46  Ultralisk  
  174  13:01  Ultralisk  
  174  13:05  Overlord  
  180  13:09  Spire  
  179  13:16  Hatchery  
  178  13:23  Anabolic Synthesis, Drone x3  
  178  13:27  Zergling x34  
  178  13:28  Zergling x4  
  196  13:34  Zergling x8  
  196  13:43  Zergling x6  
  189  13:57  Zergling x2  
Show
View Real Time Build Order
Export as new Build Order

lIIIllIllIll Terran 

Build Orders: Reaper Expand 

Get SALT Encoding   

  12  0:03  SCV  
  13  0:15  SCV  
  13  0:19  Supply Depot  
  14  0:28  SCV  
  15  0:41  Barracks, SCV  
  16  0:45  Refinery  
  16  0:53  SCV  
  17  1:05  SCV  
  18  1:17  SCV  
  19  1:28  Reaper  
  19  1:29  Orbital Command  
  20  1:43  Command Center  
  20  1:54  Supply Depot  
  20  1:55  SCV  
  20  2:00  Marine  
  22  2:10  Factory, SCV  
  22  2:15  Refinery  
  23  2:22  SCV, Barracks Reactor  
  24  2:34  SCV  
  25  2:46  SCV  
  26  2:57  Starport, Orbital Command  
  26  2:58  SCV  
  27  3:04  Hellion x2  
  31  3:10  SCV  
  32  3:17  Marine  
  32  3:19  Supply Depot  
  33  3:22  SCV  
  33  3:24  SCV  
  37  3:27  Hellion  
  37  3:30  Hellion  
  39  3:34  SCV  
  39  3:36  SCV  
  39  3:37  Fusion Core  
  41  3:46  SCV  
  43  3:49  SCV  
  43  3:52  Hellion  
  43  3:54  Supply Depot  
  45  3:57  Starport Tech Lab  
  45  3:58  SCV  
  45  4:01  SCV  
  47  4:03  Hellion  
  49  4:10  Supply Depot  
  49  4:11  SCV  
  49  4:13  SCV  
  51  4:23  SCV  
  52  4:25  SCV  
  52  4:26  Battlecruiser  
  52  4:30  Supply Depot  
  61  4:31  Hellion  
  61  4:35  SCV  
  61  4:36  Hellion  
  64  4:39  SCV  
  65  4:47  Weapon Refit, SCV  
  66  4:59  Hellion  
  70  5:00  Hellion  
  70  5:03  Command Center  
  70  5:04  SCV  
  71  5:08  Supply Depot  
  71  5:09  SCV  
  71  5:10  Barracks Tech Lab  
  72  5:16  SCV  
  73  5:21  SCV  
  73  5:27  Barracks  
  73  5:28  Barracks  
  74  5:33  Stimpack  
  74  5:35  Engineering Bay  
  74  5:36  Engineering Bay  
  74  5:38  Starport Reactor  
  68  6:04  Marine, SCV  
  67  6:06  SCV  
  67  6:08  Refinery, Terran Infantry Armor Level 1, Terran Infantry Weapons Level 1  
  67  6:09  Refinery  
  67  6:11  Barracks  
  65  6:12  Barracks  
  65  6:16  SCV  
  65  6:17  Orbital Command  
  67  6:18  SCV  
  67  6:19  Marine x2  
  67  6:20  Siege Tank  
  67  6:22  Marine  
  73  6:28  SCV  
  73  6:29  Starport Reactor  
  73  6:30  SCV  
  75  6:38  Marine x2  
  75  6:39  Marine  
  77  6:40  Marine, SCV  
  77  6:42  SCV  
  81  6:47  Orbital Command  
  81  6:49  Marine  
  81  6:52  Armory, SCV  
  81  6:54  SCV, Supply Depot  
  83  6:56  Marine x2, Siege Tank  
  83  6:57  Marine  
  90  7:03  Marine  
  90  7:04  SCV  
  90  7:05  Barracks Reactor  
  90  7:06  Barracks Reactor, SCV  
  93  7:12  SCV  
  93  7:13  Marine  
  93  7:14  Marine  
  96  7:16  SCV  
  96  7:18  Marine  
  96  7:19  SCV, Medivac  
  96  7:21  Refinery  
  101  7:22  Marine  
  101  7:23  Marine  
  101  7:24  SCV  
  101  7:26  Supply Depot  
  101  7:28  SCV, Medivac  
  107  7:31  Marine, SCV  
  109  7:40  Marine x4  
  109  7:41  SCV x2  
  109  7:48  Marine x4, SCV, Siege Tank  
  109  7:50  Terran Vehicle Weapons Level 1  
  117  7:52  Marine  
  117  7:53  SCV x2  
  117  7:56  Combat Shield, Refinery, Supply Depot  
  120  7:58  Marine x4  
  120  8:00  SCV  
  120  8:01  Supply Depot  
  125  8:09  Marine x4, SCV x2  
  125  8:12  Terran Infantry Weapons Level 2, SCV  
  133  8:17  Marine x3  
  133  8:18  Command Center, Bunker  
  136  8:24  Marine, Supply Depot  
  136  8:26  Terran Infantry Armor Level 2  
  122  8:37  Marine x2  
  122  8:38  Marine x2  
  122  8:39  Siege Tank  
  117  8:41  Marine  
  117  8:44  Marine  
  116  8:50  Marine x3  
  116  8:52  SCV  
  116  8:54  Medivac x2  
  116  8:55  Marine x3  
  120  8:59  Marine x2  
  125  9:03  SCV x2  
  125  9:04  Marine  
  125  9:07  Marine, SCV  
  125  9:08  Marine  
  131  9:10  Marine  
  131  9:11  Siege Tank  
  131  9:13  Marine  
  131  9:15  SCV x2  
  131  9:16  Marine  
  139  9:18  Marine x3  
  139  9:20  Factory  
  139  9:22  Supply Depot  
  142  9:25  Marine x3  
  142  9:27  Medivac x2  
  142  9:28  Marine  
  142  9:31  Marine  
  151  9:34  Marine  
  152  9:40  Marine x3  
  152  9:42  Marine  
  152  9:43  Marine x2, Siege Tank  
  151  9:46  Marine  
  151  9:47  Terran Vehicle Weapons Level 2  
  151  9:49  Marine  
  151  9:51  Marine, Supply Depot  
  154  9:58  Marine  
  154  10:00  Marine x2  
  154  10:01  Marine  
  154  10:02  Marine  
  154  10:03  Marine  
  154  10:04  Marine  
  154  10:06  Marine  
  154  10:07  Planetary Fortress  
  161  10:09  Marine  
  161  10:13  Factory Tech Lab  
  162  10:15  Marine  
  162  10:18  Marine x3  
  162  10:20  Marine  
  162  10:21  Marine  
  168  10:22  Marine  
  168  10:24  Marine  
  168  10:26  Siege Tank  
  168  10:27  Marine  
  174  10:33  Marine  
  174  10:35  Marine x2, Terran Infantry Weapons Level 3  
  175  10:36  Marine, SCV  
  175  10:38  Marine x2  
  175  10:39  Marine  
  175  10:41  Siege Tank  
  175  10:42  Marine  
  186  10:45  Marine  
  186  10:46  Terran Infantry Armor Level 3  
  187  10:51  Marine  
  187  10:55  Marine  
  188  10:57  Marine  
  188  11:04  Marine, SCV  
  188  11:05  Marine x5  
  188  11:06  SCV, Siege Tank  
  196  11:13  Marine  
  196  11:17  Supply Depot  
  196  11:21  Marine  
  196  11:24  Marine x6  
  196  11:25  Marine, Siege Tank, Medivac  
  195  11:31  Marine  
  148  11:38  Siege Tank  
  148  11:39  Marine  
  134  11:41  Marine x4  
  134  11:42  Marine x3  
  123  11:57  Marine, Siege Tank  
  123  11:59  Marine x2  
  123  12:00  Marauder  
  130  12:01  Marine x2  
  130  12:02  Marine  
  130  12:03  SCV  
  130  12:04  Barracks  
  130  12:05  Medivac  
  130  12:06  Barracks  
  130  12:07  Barracks  
  136  12:10  Siege Tank  
  136  12:12  Medivac  
  136  12:13  Command Center  
  136  12:15  Marine  
  142  12:17  Marine x2  
  142  12:20  Barracks Reactor  
  142  12:22  Marine  
  144  12:23  Marine  
  144  12:28  Marine  
  144  12:29  Marine  
  148  12:30  Siege Tank  
  148  12:33  Marine, Refinery  
  148  12:35  Marine x2, Medivac  
  156  12:38  Concussive Shells  
  156  12:40  Marine  
  156  12:42  Marine, Medivac  
  160  12:45  Marine  
  160  12:46  Siege Tank  
  160  12:47  Marauder  
  160  12:49  Sensor Tower  
  160  12:51  Marine  
  166  12:53  Marine, Barracks Tech Lab  
  166  12:54  Barracks Tech Lab x2  
  159  13:05  Medivac  
  158  13:08  Siege Tank  
  158  13:09  Marauder  
  158  13:10  Marine x5  
  158  13:11  Marine x2  
  172  13:20  Siege Tank  
  172  13:22  Starport  
  172  13:24  Marine, Ghost Academy  
  177  13:27  Planetary Fortress  
  177  13:28  Sensor Tower  
  177  13:29  Marine  
  177  13:30  Missile Turret  
  176  13:36  Marine x2, Marauder  
  176  13:37  Marauder  
  176  13:39  Marine x2  
  184  13:45  Marine x2  
  184  13:46  Marine, Marauder x2  
  178  13:57  Marine  
Tags
 
Add a new tag
Caveats
  • Supply blocks, unpowered buildings, or Contaminate may cause inaccurate times.
  • Supply counts are checked every 10 seconds.